 Dungeon Crawl Stone Soup version 0.30.1-4-g462c640d31 (webtiles) character file.

Game seed: 14794666561767470028

67 Babbit the Cudgeller (level 3, 0/34 HPs)
             Began as a Minotaur Monk on Aug 11, 2023.
             Slain by a gnoll
             ... wielding a +0 flail
              (9 damage)
             ... on level 2 of the Dungeon.
             The game lasted 00:04:09 (1020 turns).

Babbit the Cudgeller (Minotaur Monk)                Turns: 1020, Time: 00:04:10

Health: 0/34       AC:  2    Str: 20    XL:     3   Next: 98%
Magic:  2/2        EV: 14    Int:  7    God:
Gold:   106        SH:  0    Dex: 18    Spells: 2/2 levels left

rFire   . . .        a - +0 mace
rCold   + . .        d - orb {light}
rNeg    . . .        b - +0 robe
rPois   +            (helmet restricted)
rElec   .            (no cloak)
rCorr   .            (no gloves)
SInv    .            (no boots)
Will    .....        (no amulet)
Stlth   +            l - ring of Wyfeenag {rPois rC+ Str+3 Dex+6 Stlth+}
HPRegen 0.25/turn    (no ring)
MPRegen 0.08/turn

%: no passive effects
@: glowing
A: horns 2, retaliatory headbutt
a: no special abilities


You were on level 2 of the Dungeon.
You visited 1 branch of the dungeon, and saw 2 of its levels.

You collected 106 gold pieces.

Inventory:

Hand Weapons
 a - a +0 mace (weapon)
Armour
 b - a +0 robe (worn)
 d - an orb of light (worn)
Jewellery
 l - the ring of Wyfeenag (left hand) {rPois rC+ Str+3 Dex+6 Stlth+}
   (You found it on level 2 of the Dungeon)

   [ring of dexterity]

   Str:       It affects your strength (+3).
   Dex:       It affects your dexterity (+6).
   rC:        It protects you from cold.
   rPois:     It protects you from poison.
   Stlth:     It makes you more stealthy.
Scrolls
 h - a scroll of vulnerability {unknown}
 j - a scroll of magic mapping {unknown}
 k - a scroll of noise {unknown}
Potions
 c - a potion of ambrosia
 e - a potion of heal wounds {unknown}
 f - a potion of haste {unknown}
 g - a potion of might {unknown}


   Skills:
 + Level 4.3 Fighting
 + Level 4.7 Maces & Flails
 + Level 4.0 Dodging


You had 2 spell levels left.
You didn't know any spells.
Your spell library was empty.

Dungeon Overview and Level Annotations

Branches:
Dungeon (2/15)

Altars:


Innate Abilities, Weirdness & Mutations

You have a pair of horns on your head.
You reflexively headbutt those who attack you in melee.


Message History

You throw a throwing net. The throwing net hits the gnoll.
The gnoll is caught in the net!
The gnoll struggles against the net.
The gnoll struggles against the net.
The gnoll struggles against the net.
The gnoll struggles against the net.
You sock the gnoll!
The gnoll is severely wounded.
The gnoll misses you.
The gnoll struggles against the net.
The gnoll barely misses you. The gnoll misses you. You furiously retaliate!
You headbutt the gnoll!
You kill the gnoll!
The gnoll struggles against the net.
The net rips apart, and the gnoll comes free!
The gnoll closely misses you. You furiously retaliate!
You headbutt the gnoll!
The gnoll hits you from afar with a +0 spear!
Things that are here:
a +2 whip of draining; a gnoll corpse You hit the gnoll.
You headbutt the gnoll.
The gnoll is almost dead.
The gnoll hits you from afar with a +0 spear.
The gnoll barely misses you.
You hit the gnoll.
You kill the gnoll!
The gnoll hits you from afar with a +0 spear.
Your Dodging skill increases to level 4!
You sock the gnoll!
The gnoll is heavily wounded.
The gnoll hits you with a +0 flail.
The gnoll hits you from afar with a +0 spear.
You completely miss the gnoll.
The gnoll is heavily wounded.
The gnoll barely misses you. x2
You hit the gnoll.
The gnoll is almost dead.
The gnoll closely misses you.
The gnoll hits you from afar with a +0 spear.
* * * LOW HITPOINT WARNING * * *
The gnoll barely misses you. The gnoll hits you with a +0 flail!
You die...

.. ......########
.............#
.............#
............#
#######
...........#
#.....#
#........####.###.#
+.......gg@..>..#.#
#........#####....#
.............#
##.#.#
......##########
#.#.# ......
#......# #.###
..... #......# #.#
....> #......#
#.######## ......
#......# #........#
....#######......#
########.#


You could see 2 gnolls.

Vanquished Creatures
  An adder (D:2)
  2 gnolls (D:2)
  A worm (D:2)
  2 dart slugs
  5 endoplasms
  3 goblins
  3 hobgoblins (D:1)
  3 jackals (D:1)
  A quokka (D:1)
  A bat (D:1)
  3 frilled lizards (D:1)
  5 kobolds
  A rat (D:2)
31 creatures vanquished.

Notes
Turn   | Place    | Note
-------+----------+-------------------------------------------
     0 | D:1      | Babbit the Minotaur Monk began the quest for the Orb.
     0 | D:1      | Reached XP level 1. HP: 19/19 MP: 0/0
   143 | D:1      | Reached XP level 2. HP: 21/27 MP: 1/1
   660 | D:1      | Found a faded altar of an unknown god.
   839 | D:2      | Identified the ring of Wyfeenag {rPois rC+ Str+3 Dex+6
                  | Stlth+}
   856 | D:2      | Reached XP level 3. HP: 31/33 MP: 2/2
  1020 | D:2      | Slain by a gnoll

Illustrated notes

Levels and vault maps discovered:
D:1:      tarquinn_simple_flora_water_f, layout_loops_ring,
          shapermc_ecumenical_altar_totnotflames, minmay_tetromino_o2
D:2:      layout_basic

Skill      XL: |  1  2  3 |
---------------+----------+-----
Maces & Flails | 4 |  4.7
Fighting       | 4 |  4.3
Dodging        | 4 |  4.0

Action                     || total
---------------------------++-------
  Melee: Mace              ||    57
         Headbutt          ||    14
  Throw: Throwing net      ||     1
 Armour: Robe              ||     6
  Dodge: Dodged            ||    47
